 Dungeon Crawl Stone Soup version 0.28-a0-1190-g77e1c55843 (webtiles) character file.

Game seed: 16786595096107892572

1 EnegeticOcto the Ruffian (level 1, -1/15 HPs)
             Began as a Formicid Transmuter on Dec 18, 2021.
             Slain by a quokka (2 damage)
             ... on level 2 of the Dungeon.
             The game lasted 00:01:21 (184 turns).

EnegeticOcto the Ruffian (Formicid Transmuter)       Turns: 184, Time: 00:01:22

Health: -1/15      AC:  2    Str: 14    XL:     1   Next: 22%
Magic:  2/3        EV: 12    Int: 12    God:
Gold:   0          SH:  0    Dex: 11    Spells: 3/4 levels left

rFire   . . .      SeeInvis +     - Unarmed
rCold   . . .      Faith    .   (no shield)
rNeg    . . .      Spirit   .   a - +0 robe
rPois   .          Reflect  .   (helmet unavailable)
rElec   .          Harm     .   (no cloak)
rCorr   .          Rampage  .   (no gloves)
Will    .....                   (boots currently unavailable)
Stlth   +.........              (no amulet)
HPRegen 0.05/turn               (no ring)
MPRegen 0.08/turn               (no ring)

@: appendages (expiring)
A: talons 2, permanent stasis, dig shafts and tunnels, antennae 3, four strong
arms
a: Dig, Shaft Self, End Transformation


You were on level 2 of the Dungeon.
You had temporarily grown beastly talons.
You visited 1 branch of the dungeon, and saw 2 of its levels.

Inventory:

Armour
 a - a +0 robe (worn)


   Skills:
 - Level 1.1 Fighting
 - Level 1.7 Dodging
 + Level 0.6 Stealth
 - Level 3.0 Unarmed Combat
 - Level 2.1 Spellcasting
 - Level 2.1 Transmutations


You had 3 spell levels left.
You knew the following spells:

 Your Spells              Type           Power      Damage    Failure   Level
b - Beastly Appendage     Tmut           12%        N/A       11%         1

Your spell library contained the following spells:

 Spells                   Type           Power      Damage    Failure   Level
 Wereblood                Tmut           6%         N/A       17%         2
 Spider Form              Tmut/Pois      3%         N/A       45%         3
 Ice Form                 Ice/Tmut       3%         N/A       86%         4


Dungeon Overview and Level Annotations

Branches:
Dungeon (2/15)

Altars:

Annotations:
D:1 exclusion: 2 jackals
D:2 exclusion: adder


Innate Abilities, Weirdness & Mutations

You have temporarily grown beastly talons.
You cannot be hasted, slowed, berserked, paralysed or teleported.
You can dig through walls and to a lower floor.
You have a pair of large antennae on your head. (SInv)
Your four strong arms can wield two-handed weapons with a shield.


Message History

Welcome, EnegeticOcto the Formicid Transmuter.
You feel drawn to the Orb of Zot, downwards into the unfathomable depths...
Press ? for a list of commands and other information.
Found a staircase leading out of the dungeon.
You open the door.
There is an open door here. 2 jackals come into view.
Found a scale mail.
Placed new exclusion.
Press: ? - help, v - describe, . - travel
Here: a jackal (asleep)
The floor.
Placed new exclusion.
There is an open door here.
You open the door.
There is an open door here.
A quokka comes into view.
Adjust (i)tems, (s)pells, or (a)bilities?
Adjust which spell? a - Beastly Appendage Adjust to which letter? b - Beastly Appendage
Casting: Beastly Appendage (safe; 11% risk of failure)
Confirm with . or Enter, or press ? or * to list all spells.
Your feet morph into talons.
You closely miss the quokka. You claw the quokka.
The quokka is heavily wounded.
The quokka barely misses you.
You hit the quokka but do no damage. You claw the quokka.
The quokka is almost dead.
The quokka closely misses you. The quokka bites you.
You are too injured to fight recklessly!
You are too injured to fight recklessly!
You hit the quokka.
You kill the quokka!
Your transformation is almost over.
You start resting.
Magic restored.
Your talons disappear.
HP restored.
Found a mace.
Found 13 sling bullets.
A sourceless malevolence fills the Dungeon...
You fall into a shaft and drop 1 floor!
The shaft crumbles and collapses.
An adder and a quokka come into view.
Found a book of Debilitation and a short sword.
Removed exclusion.
Press: ? - help, v - describe, . - travel
Here: an adder (asleep)
The floor.
Placed new exclusion.
Casting: Beastly Appendage (safe; 11% risk of failure)
Confirm with . or Enter, or press ? or * to list all spells.
Your feet morph into talons.
You closely miss the quokka. The quokka bites you.
A kobold comes into view. It is wielding a +0 short sword.
You closely miss the quokka. The quokka bites you.
You barely miss the quokka. You claw the quokka, but do no damage.
The quokka bites you.
You barely miss the quokka. Your kick misses the quokka.
The quokka completely misses you. The quokka bites you.
You barely miss the quokka. The quokka closely misses you.
You miss the quokka. The quokka barely misses you.
Okay, then.
You hit the quokka but do no damage.
The kobold hits you with a +0 short sword.
The quokka bites you.
* * * LOW HITPOINT WARNING * * *
Are you sure you want to shaft yourself?
Your transformation is almost over.
The kobold barely misses you. The quokka bites you.
You die...

...≈≈≈≈# ..
...≈≈≈# ..♣
...≈≈#
♣♣.♣♣...≈#
♣S..♣...≈#
♣).♣:..+{ {
{♣...≈#
♣.♣♣K..≈#
♣..r@≈≈#
.......≈≈≈#
≈.....≈≈≈≈#
≈≈≈≈≈≈≈≈≈≈#
###########


You could see a quokka and a kobold.

Vanquished Creatures
  A quokka (D:1)
1 creature vanquished.

Notes
Turn   | Place    | Note
-------+----------+-------------------------------------------
     0 | D:1      | EnegeticOcto the Formicid Transmuter began the quest for
                  | the Orb.
     0 | D:1      | Reached XP level 1. HP: 15/15 MP: 3/3
   173 | D:1      | You fall into a shaft and drop 1 floor!
   184 | D:2      | Slain by a quokka

Illustrated notes

Levels and vault maps discovered:
D:1:      tarquinn_simple_flora_water_e, layout_basic
D:2:      layout_loops_ring, chequers_ecumenical_altar_island,
          kennysheep_generic_room_2, uniq_jessica, uniq_terence

Action                   || total
-------------------------++-------
Melee: Unarmed           ||    10
       Kick              ||     3
 Cast: Beastly Appendage ||     2
 Abil: Shaft Self        ||     1
Dodge: Dodged            ||     6

Table legend: (Time is in decaauts)
 A = Elapsed time spent in this place.
 B = Non-inter-level travel time spent in this place.
 C = Inter-level travel time spent in this place.
 D = Time resting spent in this place.
 E = Time spent auto-exploring this place.
 F = Levels seen in this place.
 G = Mean time per level.
                   A        B        C        D        E       F      G
               +--------+--------+--------+--------+--------+-----+--------+
         Total |    183 |    183 |      0 |      9 |    152 |   2 |   91.5 |
       Dungeon |    183 |    183 |      0 |      9 |    152 |   2 |   91.5 |
               +--------+--------+--------+--------+--------+-----+--------+

Top non-repeatable levels by time:
     D:1: 173 daAuts
     D:2: 10 daAuts
